 Dungeon Crawl Stone Soup version 0.31.0-9-g3a7656b989 (webtiles) character file.

Game seed: 15402323105742803597

114 Peloso the Slasher (level 4, -3/40 HPs)
             Began as a Minotaur Fighter on Jan 28, 2024.
             Killed from afar by an orc wizard (6 damage)
             ... with a puff of flame
             ... on level 3 of the Dungeon.
             The game lasted 00:04:25 (1388 turns).

Peloso the Slasher (Minotaur Fighter)               Turns: 1388, Time: 00:04:25

Health: -3/40      AC:  7    Str: 21      XL:     4   Next: 67%
Magic:  3/3        EV:  9    Int:  2 (5)  God:
Gold:   96         SH:  0    Dex:  8 (11) Spells: 3/3 levels left

rFire   . . .        a - +0 long sword
rCold   . . .        c - +0 buckler
rNeg    . . .        b - +0 scale mail
rPois   .            (helmet restricted)
rElec   .            (no cloak)
rCorr   .            (no gloves)
SInv    .            (no boots)
Will    .....        (no amulet) Stlth
                     (no ring)
HPRegen 0.26/turn    (no ring)
MPRegen 0.08/turn

%: no passive effects
@: confused
A: horns 2, retaliatory headbutt
a: no special abilities


You were on level 3 of the Dungeon.
You visited 1 branch of the dungeon, and saw 3 of its levels.

You collected 184 gold pieces.
You spent 88 gold pieces at shops.

Inventory:

Hand Weapons
 a - a +0 long sword (weapon)
Armour
 b - a +0 scale mail (worn)
 c - a +0 buckler (worn)
Scrolls
 m - a scroll of fog
 n - a scroll of teleportation
Potions
 d - a potion of might
 e - a potion of mutation
 f - 2 potions of magic {unknown}
 o - a potion of heal wounds


   Skills:
 + Level 4.1 Fighting
 + Level 4.4 Long Blades
 + Level 4.2 Armour
 + Level 1.3 Dodging
 + Level 4.1 Shields


You had 3 spell levels left.
You didn't know any spells.
Your spell library contained the following spells:

 Spells                   Type           Power      Damage    Failure   Level
 Freeze                   Ice            0%         1d3       91%         1
 Jinxbite                 Hex            0%         N/A       97%         2
 Frozen Ramparts          Ice            0%         1d1       99%         3
 Hailstorm                Conj/Ice       0%         3d5       99%         3
 Yara's Violent Unravell  Hex/Alch       0%         3d3       100%        5
 Enfeeble                 Hex            0%         N/A       100%        7


Dungeon Overview and Level Annotations

Branches:
Dungeon (3/15)

Altars:

Shops:
D:1 :=*(=


Innate Abilities, Weirdness & Mutations

You have a pair of horns on your head.
You reflexively headbutt those who attack you in melee.


Message History

A puff of flame appears from out of thin air!
The puff of flame hits you.
You bump into the rock wall.
You hear some strange, mumbled words.
A puff of flame appears from out of thin air!
The puff of flame hits you.
The orc throws a boomerang.
The boomerang barely misses you.
You closely miss something.
You hear some strange, mumbled words.
Something tries to affect you, but you resist.
Something hits you but does no damage.
You hit something. Something hits you but does no damage.
The orc completely misses you. Something hits you but does no damage.
You bump into the rock wall.
Something hits you but does no damage. The orc closely misses you.
Something hits you but does no damage.
You completely miss something. Your headbutt misses something.
Something hits you. The orc hits you but does no damage.
You hear some strange, mumbled words.
You are more confused.
Unknown command.
You barely miss something. Something hits you.
* * * LOW HITPOINT WARNING * * *
The orc hits you with a +0 club.
* * * LOW HITPOINT WARNING * * *
You hear some strange, mumbled words.
A puff of flame appears from out of thin air!
The puff of flame hits you but does no damage.
You closely miss something. Something hits you but does no damage.
The orc hits you but does no damage. Something hits you.
* * * LOW HITPOINT WARNING * * *
Something hits you but does no damage. Something hits you.
* * * LOW HITPOINT WARNING * * *
The orc barely misses you.
Unknown command.
You completely miss something. Your headbutt misses something.
Something hits you but does no damage. The orc barely misses you.
You hear some strange, mumbled words.
A puff of flame appears from out of thin air!
The puff of flame hits you.
You die...

####### #...{@#
#...o{# ###
##...).####...#
#...))..#.#...#
#.#...).#.#....#
.#.#.#.#.#.#...##
#.#.#.#.#.#.....
#.#.#.#.#.#.#.(
#.#.#.#.#.#.#.###


You could see an orc.

Vanquished Creatures
  Jessica (D:2)
  3 adders
  4 orcs (D:3)
  8 ball pythons
  8 endoplasms
  2 giant cockroaches (D:3)
  3 goblins
  5 hobgoblins
  3 quokkas (D:1)
  5 bats
  3 frilled lizards (D:1)
  6 kobolds
  4 rats
55 creatures vanquished.

Notes
Turn   | Place    | Note
-------+----------+-------------------------------------------
     0 | D:1      | Peloso the Minotaur Fighter began the quest for the Orb.
     0 | D:1      | Reached XP level 1. HP: 19/19 MP: 0/0
   129 | D:1      | Reached XP level 2. HP: 27/27 MP: 1/1
   263 | D:1      | Found Gaowamao's Weapon Shop.
   305 | D:1      | Found Erruol's Jewellery Emporium.
   308 | D:1      | Found Jeisk's Book Boutique.
   509 | D:1      | Reached XP level 3. HP: 33/33 MP: 2/2
   606 | D:1      | Found Vykhlu's General Store.
   638 | D:1      | Found Rymada's Jewellery Shoppe.
   769 | D:2      | Noticed Jessica
   782 | D:2      | Killed Jessica
   783 | D:2      | Reached XP level 4. HP: 31/40 MP: 3/3
  1040 | D:2      | Reached skill level 1 in Dodging
  1224 | D:1      | Bought a potion of mutation for 88 gold pieces
  1270 | D:3      | Found a faded altar of an unknown god.
  1388 | D:3      | Killed from afar by an orc wizard

Illustrated notes

Levels and vault maps discovered:
D:1:      mainiacjoe_arrival_reflecting_pool, layout_rooms, serial_shops, shop,
          shop, shop, shop, shop
D:2:      layout_rooms, uniq_jessica
D:3:      layout_basic, portal_sewer_entry_b,
          ebering_ecumenical_altar_petrified, goddamned_bats

Skill      XL: |  1  2  3  4 |
---------------+-------------+-----
Armour         | 4 |  4.2
Shields        | 4 |  4.1
Fighting       | 4 |  4.1
Long Blades    | 3 4 |  4.4
Dodging        | 1 |  1.3

Action                     |  1- 3 |  4- 6 || total
---------------------------+-------+-------++-------
  Melee: Long sword        |    75 |    44 ||   119
         Headbutt          |     6 |     6 ||    12
    Use: Potion            |       |     6 ||     6
         Scroll            |       |     5 ||     5
 Armour: Scale mail        |    45 |    89 ||   134
  Dodge: Dodged            |    45 |    45 ||    90
  Block: Buckler           |    24 |    10 ||    34
